 Dungeon Sprint DCSS version 0.20.1-1-g8b1a95d (webtiles) character file.

249 Inth the Grappler (level 6, -10/53 HPs)
             Began as a Ghoul Gladiator on July 20, 2017.
             Mangled by a slime creature (16 damage)
             ... in the Dungeon (Sprint I: "Red Sonja").
             The game lasted 00:01:54 (224 turns).

Inth the Grappler (Ghoul Gladiator)                  Turns: 224, Time: 00:01:55

Health: -10/53     AC:  3    Str: 19    XL:     6   Next: 12%
Magic:  5/5        EV: 15    Int:  3    God:
Gold:   108        SH:  0    Dex: 11    Spells: 5/5 levels left

rFire    . . .     SeeInvis .     - Unarmed
rCold    + + .     Gourm    .   (no shield)
rNeg     + + +     Faith    .   l - +0 robe {rC+}
rPois    ∞         Spirit   .   b - +0 helmet
rElec    .         Reflect  .   (no cloak)
rCorr    .         Harm     .   (no gloves)
MR       .....     NoTele   +   (no boots)
Stlth    +.........             (no amulet)
Regen    0.0/turn               (no ring)
MPRegen  0.1/turn               (no ring)

@: rotting
A: rotting body, claws 1, carnivore 3, cold resistance 1, negative energy
resistance 3, inhibited regeneration, torment resistance, unbreathing
a: no special abilities


You were in the Dungeon.
You were not hungry.

You visited 1 branch You collected 108 gold pieces.

Inventory:

Hand Weapons
 k - a +0 scythe
Armour
 a - a +0 leather armour
 b - a +0 helmet (worn)
 l - a +0 robe of cold resistance (worn)
Scrolls
 j - a scroll of blinking
Potions
 c - a potion of lignification {unknown}
 e - a potion of curing
 f - a potion of heal wounds
 g - a potion of haste
 h - 2 potions of magic
 i - a potion of berserk rage
Comestibles
 d - a meat ration


   Skills:
 + Level 4.6 Fighting
 + Level 4.0 Throwing
 + Level 7.0 Dodging
 + Level 9.6 Unarmed Combat


You had 5 spell levels left.
You didn't know any spells.

Dungeon Overview and Level Annotations

Branches:
Dungeon (1/1)

Altars:
Makhleb
Xom
Jiyva
Lugonu


Innate Abilities, Weirdness & Mutations

Your body is rotting away.
You thrive on raw meat.
You are immune to poison.
You have sharp fingernails.
You are carnivorous and can eat meat at any time.
Your flesh is cold resistant. (rC+)
You are immune to negative energy. (rN+++)
You do not regenerate when monsters are visible.
You are immune to unholy pain and torment.
You can survive without breathing.


Message History

Okay, then.
Firing (i - inventory): No suitable missiles.
Press: ? - help, Shift-Dir - straight line, f/p - slime creature
Aim: a slime creature (heavily wounded)
Okay, then.
You claw the slime creature!
The slime creature is heavily wounded.
The slime creature barely misses you.
You scratch the slime creature.
The slime creature is severely wounded.
The slime creature hits you!
* * * LOW HITPOINT WARNING * * *
You don't know any spells.
The slime creature misses you.
There is an open door here.
There is an open door here.
The slime creature hits you!
* * * LOW HITPOINT WARNING * * *
The slime creature hits you!
You die...

###################
#<.#..'@.#..'..#__#
#..').#.J'..#..'^(+
#..#####+#####+#__#
#..# ### #..# #..#
#⌠⌠# ####


You could see a slime creature.

Vanquished Creatures
  Sigmund (D)
  An ogre (D)
  Ijyb (D)
3 creatures vanquished.

Notes
Turn   | Place    | Note
-------+----------+-------------------------------------------
     0 | D        | Inth the Ghoul Gladiator began the quest for the Orb.
     0 | D        | Reached XP level 1. HP: 17/17 MP: 0/0
     2 | D        | Noticed Ijyb
    24 | D        | Killed Ijyb
    24 | D        | Reached skill level 5 in Unarmed Combat
    24 | D        | Reached XP level 2. HP: 20/25 MP: 1/1
    24 | D        | Reached XP level 3. HP: 24/30 MP: 2/2
    29 | D        | Noticed an ogre
    36 | D        | Killed an ogre
    36 | D        | Reached skill level 5 in Dodging
    36 | D        | Reached skill level 7 in Unarmed Combat
    36 | D        | Reached XP level 4. HP: 33/40 MP: 3/3
    40 | D        | Noticed Sigmund
    51 | D        | Killed Sigmund
    51 | D        | Reached skill level 9 in Unarmed Combat
    51 | D        | Reached XP level 5. HP: 26/47 MP: 4/4
    51 | D        | Reached XP level 6. HP: 29/53 MP: 5/5
   204 | D        | Found a burning altar of Makhleb.
   204 | D        | Found a viscous altar of Jiyva.
   204 | D        | Found a shimmering altar of Xom.
   204 | D        | Found a corrupted altar of Lugonu.
   204 | D        | Noticed a slime creature
   224 | D        | Mangled by a slime creature

Skill      XL: |  1  2  3  4 |
---------------+-------------+-----
Throwing       | 2 3 4 |  4.0
Dodging        | 4 5 7 |  7.0
Unarmed Combat | 5 7 9 |  9.6
Fighting       | 3 4 |  4.6

Action                   |  1- 3 |  4- 6 || total
-------------------------+-------+-------++-------
Melee: Unarmed           |    24 |    15 ||    39
       Punch             |     2 |       ||     2
Throw: Throwing net      |     3 |     3 ||     6
Armor: Leather armour    |     5 |       ||     5
       Robe              |       |     1 ||     1
Dodge: Dodged            |    10 |     4 ||    14
